cohdb
Replays
Latest Replays
All Replays
Popular Replays
Top Player Replays
Match Explorer
How It Works
Community
CoH3 Stats
Reddit
Sign in to upload your games and track your stats! →
Sign in with Steam
Match 42516924
Unlisted
Match 42516924
Overview
Messages
Build Orders
End
Vickers Machine Gun Team
Construct Section Command Post
Selects Australian Defense Battlegroup
Selects Australian Light Infantry Section
Dingo Light Scout Car
Infantry Section
Construct Field Infirmary
Australian Light Infantry Section
Infantry Section
Construct Platoon Command Post
Selects CMP 15cwt Supply Run
CMP 15cwt Supply Run
Unlock Bishop Self-propelled Artillery
Infantry Section
Bishop Self-propelled Artillery
Selects Reinforced Resource Caches
Light Vehicle Training
6-pounder Anti-tank Gun Team
6-pounder Anti-tank Gun Team
Lairet
Andrews [Hk]
Sunser
UH|ck
insane
iceman
0
0
Comments
sign in to comment!
No comments posted yet!